 Dungeon Crawl Stone Soup version 0.31-a0-7-g51783674b7 (webtiles) character file.

Game seed: 1759830779331128870

184 baab the Cudgeller (level 5, 0/48 HPs)
             Began as a Minotaur Berserker on May 5, 2023.
             Was a Follower of Trog.
             Slain by a black bear (6 damage)
             ... on level 5 of the Dungeon.
             The game lasted 00:02:54 (1929 turns).

baab the Cudgeller (Minotaur Berserker)             Turns: 1929, Time: 00:02:55

Health: 0/48       AC:  2    Str: 24    XL:     5   Next: 36%
Magic:  4/4        EV: 12    Int:  4    God:    Trog [*.....]
Gold:   42         SH:  0    Dex:  9    Spells: 4/4 levels left

rFire   . . .        a - +0 mace
rCold   . . .        (no shield)
rNeg    . . .        b - +0 animal skin
rPois   .            (helmet restricted)
rElec   .            (no cloak)
rCorr   .            (no gloves)
SInv    .            (no boots)
Will    .....        (no amulet)
Stlth   +            (no ring)
HPRegen 0.28/turn    (no ring)
MPRegen 0.09/turn

%: no passive effects
@: no status effects
A: horns 2, retaliatory headbutt
a: Renounce Religion, Berserk


You were on level 5 of the Dungeon.
You worshipped Trog.
Trog was aware of your devotion.
You visited 1 branch of the dungeon, and saw 5 of its levels.

You collected 42 gold pieces.

Inventory:

Hand Weapons
 a - a +0 mace (weapon)
Armour
 b - a +0 animal skin (worn)
Scrolls
 d - 2 scrolls of identify {unknown}
 e - a scroll of blinking {unknown}
Potions
 c - a potion of attraction {unknown}
 f - 2 potions of lignification {unknown}
 g - a potion of curing {unknown}


   Skills:
 + Level 5.2 Fighting
 + Level 5.4 Maces & Flails
 + Level 2.6 Armour
 + Level 3.4 Dodging
 + Level 0.1 Stealth


You had 4 spell levels left.
You didn't know any spells.
Your spell library was empty.

Dungeon Overview and Level Annotations

Branches:
Dungeon (5/15)
 Temple: D:4-7

Altars:


Innate Abilities, Weirdness & Mutations

You have a pair of horns on your head.
You reflexively headbutt those who attack you in melee.


Message History

The orc shouts!
The orc hits you with a +0 flail. The orc attacks as you move away!
The orc hits you with a +0 flail. The orc closely misses you.
You furiously retaliate!
You headbutt the orc. The orc attacks as you move away!
The orc hits you with a +0 flail. The orc hits you with a +0 club.
The orc attacks as you move away! The orc barely misses you.
The orc attacks as you move away! The orc hits you with a +0 club.
Found a short sword.
The orc attacks as you move away! The orc hits you with a +0 club.
The orc completely misses you. The orc barely misses you.
The orc attacks as you move away! The orc hits you with a +0 club.
The orc hits you with a +0 club.
* * * LOW HITPOINT WARNING * * *
The orc attacks as you move away! The orc hits you with a +0 club.
* * * LOW HITPOINT WARNING * * *
You see here a +0 short sword.
The orc hits you but does no damage. The orc hits you with a +0 club.
* * * LOW HITPOINT WARNING * * *
The orc closely misses you. You furiously retaliate!
You headbutt the orc. The orc attacks as you move away!
The orc hits you with a +0 club.
* * * LOW HITPOINT WARNING * * *
The orc hits you with a +0 whip.
* * * LOW HITPOINT WARNING * * *
The orc hits you but does no damage. The orc attacks as you move away!
The orc closely misses you. You furiously retaliate!
You headbutt the orc!
You kill the orc!
Trog accepts your kill. The orc attacks as you move away!
The orc hits you with a +0 whip.
* * * LOW HITPOINT WARNING * * *
The orc attacks as you move away! The orc barely misses you.
The orc attacks as you move away! The orc completely misses you.
A black bear comes into view.
The orc attacks as you move away! The orc hits you with a +0 flail.
* * * LOW HITPOINT WARNING * * *
The black bear bites you.
You die...

#.# .## # ..# ####.#
...#.# ##.).##
###...##
.....).#############.#
#####........oo.@h...#
#.################ ###


You could see a black bear and 2 orcs.

Vanquished Creatures
  2 scorpions
  A hound (D:5)
  4 dart slugs
  An orc (D:5)
  A ball python (D:1)
  3 endoplasms (D:1)
  A giant cockroach (D:3)
  4 goblins
  3 hobgoblins
  2 jackals (D:1)
  2 kobolds
  A bat (D:3)
  2 frilled lizards
  A rat (D:1)
28 creatures vanquished.

Vanquished Creatures (others)
  7 fungi
  A plant (D:1)
8 creatures vanquished.

Grand Total: 36 creatures vanquished

Notes
Turn   | Place    | Note
-------+----------+-------------------------------------------
     0 | D:1      | baab the Minotaur Berserker began the quest for the Orb.
     0 | D:1      | Reached XP level 1. HP: 19/19 MP: 0/0
   160 | D:1      | Reached XP level 2. HP: 25/27 MP: 1/1
   282 | D:1      | Found a faded altar of an unknown god.
   296 | D:1      | HP: 1/27 [kobold/+0 dagger (4)]
   584 | D:3      | Reached XP level 3. HP: 33/33 MP: 2/2
   703 | D:4      | Noticed a scorpion
   708 | D:4      | Killed a scorpion
   709 | D:4      | Reached XP level 4. HP: 41/41 MP: 3/3
   738 | D:5      | Entered Level 5 of the Dungeon
   745 | D:5      | Reached skill level 5 in Maces & Flails
  1033 | D:5      | Noticed a scorpion
  1044 | D:5      | Killed a scorpion
  1045 | D:5      | Reached skill level 5 in Fighting
  1045 | D:5      | Reached XP level 5. HP: 11/48 MP: 4/4
  1926 | D:5      | Noticed a black bear
  1929 | D:5      | Slain by a black bear

Illustrated notes

Levels and vault maps discovered:
D:1:      sevenhm_arrival_forest_fort_small_4, layout_loops_ring,
          shapermc_ecumenical_altar_acropolis, serial_shops, shop
D:2:      minmay_kobold_bridge, layout_rooms, uniq_sigmund
D:3:      layout_loops_cross, uniq_robin
D:4:      layout_basic, mainiacjoe_overflow_cross_hatched, vehumet_statue,
          serial_shops, shop, uniq_grinder, uniq_edmund, uniq_crazy_yiuf_cottage
D:5:      layout_rooms, nemelex_diamond_rough_becter

Skill      XL: |  1  2  3  4 |
---------------+-------------+-----
Maces & Flails | 4 5 |  5.4
Fighting       | 4 5 |  5.2
Dodging        | 3 |  3.4
Armour         | |  2.6
Stealth        | |  0.1

Action                     |  1- 3 |  4- 6 || total
---------------------------+-------+-------++-------
  Melee: Mace              |    46 |     7 ||    53
         Headbutt          |     6 |     1 ||     7
 Invoke: Berserk           |     2 |     1 ||     3
    Use: Scroll            |     3 |       ||     3
 Armour: Animal skin       |     8 |     2 ||    10
  Dodge: Dodged            |    39 |    16 ||    55

Table legend: (Time is in decaauts)
 A = Elapsed time spent in this place.
 B = Non-inter-level travel time spent in this place.
 C = Inter-level travel time spent in this place.
 D = Time resting spent in this place.
 E = Time spent auto-exploring this place.
 F = Levels seen in this place.
 G = Mean time per level.
                   A        B        C        D        E       F      G
               +--------+--------+--------+--------+--------+-----+--------+
         Total |   1980 |   1980 |      0 |   1346 |    235 |   5 |  396.0 |
       Dungeon |   1980 |   1980 |      0 |   1346 |    235 |   5 |  396.0 |
               +--------+--------+--------+--------+--------+-----+--------+

Top non-repeatable levels by time:
     D:5: 1204 daAuts
     D:1: 540 daAuts
     D:3: 147 daAuts
     D:4: 76 daAuts
     D:2: 10 daAuts
